 Dungeon Crawl Stone Soup version 0.26.1-11-gd32895ea62 (webtiles) character file.

Game seed: 17994652332723440159

15036 Silvore the Carver (level 11, -4/86 HPs)
             Began as a Demonspawn Gladiator on June 29, 2021.
             Was a Follower of Uskayaw.
             Shot with a bolt by an orc knight (15 damage)
             ... on level 2 of the Orcish Mines.
             The game lasted 00:23:26 (13226 turns).

Silvore the Carver (Demonspawn Gladiator)          Turns: 13226, Time: 00:23:27

Health: -4/86      AC: 22    Str: 23    XL:     11   Next: 96%
Magic:  11/11      EV: 12    Int:  7    God:    Uskayaw [*.....]
Gold:   1001       SH:  5    Dex: 17    Spells: 10/10 levels left

rFire    . . .     SeeInvis +   D - +5 long sword (freeze)
rCold    . . .     Faith    .   (no shield)
rNeg     . . .     Spirit   .   Q - +3 chain mail of Valour {Str+4 Int-2 Dex+3}
rPois    .         Reflect  +   c - +0 helmet
rElec    .         Harm     .   A - +1 cloak
rCorr    +         Rampage  .   (no gloves)
Will     .....                  C - +0 pair of boots
Stlth    ..........             k - amulet of reflection
HPRegen  0.24/turn              i - ring of resist corrosion
MPRegen  0.12/turn              F - ring of see invisible

@: no status effects
A: claws 2, iridescent scales 2, spiny 2, miasma immunity
a: Renounce Religion, Stomp


You were on level 2 of the Orcish Mines.
You worshipped Uskayaw.
Uskayaw was noncommittal.
You visited 2 branches of the dungeon, and saw 12 of its levels.

You collected 1482 gold pieces.
You spent 481 gold pieces at shops.

Inventory:

Hand Weapons
 a - a +0 long sword
 q - a +1 scimitar
 B - a +1 falchion of electrocution
 D - a +5 long sword of freezing (weapon)
 M - the +8 Wrath of Trog {antimagic, *Rage}
   (You took it off an orc on level 9 of the Dungeon)

   It reduces the magical energy of the wielder, and disrupts the spells and
   magical abilities of those hit.
   Natural abilities and divine invocations are not affected.
   It may make you go berserk in combat.
 N - a +0 demon blade
Missiles
 d - 8 throwing nets (quivered)
Armour
 b - a +0 leather armour
 c - a +0 helmet (worn)
 n - a +0 ring mail
 u - a +0 pair of boots
 A - a +1 cloak (worn)
 C - a +0 pair of boots (worn)
 K - a +2 chain mail of cold resistance
 Q - the +3 chain mail of Valour (worn) {Str+4 Int-2 Dex+3}
   (You bought it in a shop on level 10 of the Dungeon)

   It affects your strength (+4).
   It affects your intelligence (-2).
   It affects your dexterity (+3).
Jewellery
 i - a ring of resist corrosion (left claw)
 k - an amulet of reflection (around neck)
 r - an uncursed amulet of guardian spirit
 F - a ring of see invisible (right claw)
 S - an uncursed ring of wizardry
Wands
 v - a wand of random effects (62)
 y - a wand of disintegration (15)
 G - a wand of digging (3)
 J - a wand of polymorph (10)
 L - a wand of paralysis (5)
Scrolls
 e - 3 scrolls of teleportation
 l - 2 scrolls of fog
 s - 3 scrolls of enchant weapon
 x - 4 scrolls of remove curse
 E - 2 scrolls of magic mapping
 I - 3 scrolls of identify
Potions
 f - 3 potions of attraction
 h - 2 potions of might
 j - 2 potions of invisibility
 m - a potion of lignification {unknown}
 o - a potion of curing {unknown}
 p - 4 potions of haste
 t - a potion of ambrosia {unknown}
 w - a potion of flight {unknown}
 z - a potion of berserk rage {unknown}
 P - a potion of brilliance {unknown}
 R - a potion of mutation {unknown}
Miscellaneous
 H - a phantom mirror


   Skills:
 + Level 7.9 Fighting
 + Level 11.4 Long Blades
 + Level 1.9 Throwing
 + Level 7.2 Armour
 + Level 6.2 Dodging
 + Level 6.6 Stealth
 + Level 4.8 Shields


You had 10 spell levels left.
You didn't know any spells.
Your spell library contained the following spells:

 Spells                   Type           Power        Failure   Level
 Animate Skeleton         Necr           0%           97%         1
 Apportation              Tloc           0%           97%         1
 Corona                   Hex            0%           97%         1
 Magic Dart               Conj           0%           97%         1
 Pain                     Necr           0%           97%         1
 Summon Small Mammal      Summ           0%           97%         1
 Searing Ray              Conj           0%           99%         2
 Confusing Touch          Hex            0%           100%        3
 Dazzling Flash           Conj/Hex       0%           100%        3
 Gell's Gravitas          Tloc           0%           100%        3
 Portal Projectile        Hex/Tloc       0%           100%        3
 Vampiric Draining        Necr           0%           100%        3
 Animate Dead             Necr           0%           100%        4
 Fulminant Prism          Conj/Hex       0%           100%        4
 Iskenderun's Mystic Bla  Conj/Tloc      0%           100%        4
 Petrify                  Tmut/Erth      0%           100%        4
 Agony                    Necr           0%           100%        5
 Metabolic Englaciation   Hex/Ice        0%           100%        5
 Yara's Violent Unravell  Hex/Tmut       0%           100%        5
 Dispersal                Tloc           0%           100%        6
 Haunt                    Necr/Summ      0%           100%        7
 Borgnjor's Revivificati  Necr           0%           100%        8
 Disjunction              Tloc           0%           100%        8
 Infestation              Necr           0%           100%        8
 Necromutation            Tmut/Necr      0%           100%        8
 Death's Door             Necr           0%           100%        9


Dungeon Overview and Level Annotations

Branches:
Dungeon (10/15)            Temple (0/1) D:6             Orc (2/2) D:10
   Lair: D:8-11         Elf: Orc:2

Altars:
Ashenzari
Gozag
Kikubaaqudgha
Makhleb
Nemelex Xobeh
Okawaru
Sif Muna
Uskayaw
Zin

Shops:
D:6 *(   D:8 =   D:10 ([   Orc:1 (

Annotations:
D:4 1 runed translucent door, SpoonFarmer's ghost, amateur MiFi
D:9 3 runed translucent doors, Patoropollo's ghost, novice DgFi


Innate Abilities, Weirdness & Mutations

You have very sharp fingernails.
You are mostly covered in iridescent scales. (AC +4)
You are mostly covered in sharp spines.
You are immune to miasma.


Message History

The orc warrior hits you but does no damage.
The orc warrior unwields a +0 broad axe.
The orc warrior wields a +0 arbalest.
The orc warrior shoots a bolt.
The bolt barely misses you. The orc barely misses you.
The orc is struck by your spines.
You kill the orc!
The orc warrior is struck by your spines.
The orc warrior hits you but does no damage. x2
Your surroundings suddenly seem different.
You start resting.
You can no longer merge with and destroy a victim.
You can no longer pass through a line of other dancers.
Magic restored.
You start resting.
An orc knight comes into view. It is wielding a +0 great mace.
An orc knight is nearby!
The orc knight unwields a +0 great mace.
The orc knight wields a +0 arbalest.
The orc knight shoots a bolt.
The bolt hits you!
You die...

####....# #.....## ###..
#.#.....######......#####....
#........##..#........##.....
#####.........#............##....
..#................#.............
......#...........###............
......###...........###........##
.....## ##.#.......######....####
(.....######....@####..#......###
........#.#.......###.........##.
.......##..........#....)........
.###....#....#.#.....)).#........
###..........###....)..##.#.##...
.###..#.....## ##.......#####....
## ##.#....## ##.o.##.# ##.)... #
###....# ###..#####...... ##.###
.######.......


You could see an orc knight.

Vanquished Creatures
  Erolcha (Orc:2)
  Erica (D:9)
  3 two-headed ogres
  2 unseen horrors
  An ugly thing (D:9)
  A cyclops (D:10)
  Maurice (D:8)
  Joseph (D:9)
  A centaur skeleton (D:10)
  3 trolls
  2 wraiths
  A vampire mosquito (D:9)
  A water moccasin (D:10)
  5 sky beasts
  A black bear (D:5)
  17 orc warriors
  5 phantoms
  9 ogres
  5 ice beasts
  2 necrophages
  14 centaurs
  2 big kobolds
  5 bullfrogs
  2 gnoll sergeants
  4 scorpions
  7 killer bees (D:10)
  4 wights (D:6)
  6 howler monkeys
  A bullfrog zombie (D:9)
  A quasit (D:6)
  4 jellies
  2 orc priests
  3 hounds
  Crazy Yiuf (D:3)
  2 bullfrog skeletons
  12 orc wizards
  Jessica (D:3)
  4 iguanas
  3 worker ants
  A killer bee zombie (D:6)
  2 hound zombies
  3 worker ant zombies
  13 gnolls
  9 adders
  2 ufetubi
  2 adder zombies
  2 oozes
  4 adder skeletons
  3 worms (D:2)
  2 dart slugs
  5 leopard geckos
  45 orcs
  A ball python (D:3)
  7 bats
  3 giant cockroaches
  10 goblins
  5 hobgoblins
  15 jackals
  3 quokkas
  4 frilled lizards
  A jackal skeleton (D:7)
  11 kobolds
  A quokka zombie (D:9)
  8 rats
303 creatures vanquished.

Vanquished Creatures (others)
  An orc wizard (D:7)
  A kobold (D:10)
  2 withered plants (D:4)
4 creatures vanquished.

Grand Total: 307 creatures vanquished

Notes
Turn   | Place    | Note
-------+----------+-------------------------------------------
     0 | D:1      | Silvore the Demonspawn Gladiator began the quest for the
                  | Orb.
     0 | D:1      | Reached XP level 1. HP: 16/16 MP: 1/1
    67 | D:1      | Gained mutation: You have sharp fingernails. [demonic
                  | ancestry]
    67 | D:1      | Reached XP level 2. HP: 7/22 MP: 2/2
   289 | D:1      | Reached skill level 3 in Long Blades
   644 | D:1      | Reached XP level 3. HP: 10/27 MP: 3/3
  1215 | D:2      | Reached skill level 1 in Armour
  1503 | D:2      | Gained mutation: You are partially covered in sharp spines.
                  | [demonic ancestry]
  1503 | D:2      | Reached XP level 4. HP: 33/33 MP: 4/4
  2117 | D:2      | Found a burning altar of Makhleb.
  2577 | D:3      | Found a runed translucent door.
  2578 | D:3      | Noticed Crazy Yiuf
  2589 | D:3      | Killed Crazy Yiuf
  3213 | D:3      | Noticed Jessica
  3220 | D:3      | Gained mutation: You have very sharp fingernails. [demonic
                  | ancestry]
  3220 | D:3      | Reached XP level 5. HP: 39/39 MP: 5/5
  3232 | D:3      | Killed Jessica
  3233 | D:3      | Reached skill level 4 in Long Blades
  3703 | D:4      | Found a runed translucent door.
  3705 | D:4      | Noticed SpoonFarmer's ghost (amateur MiFi)
  3723 | D:4      | Noticed an ogre
  3730 | D:4      | Killed an ogre
  3731 | D:4      | Gained mutation: You are partially covered in iridescent
                  | scales. (AC +2) [demonic ancestry]
  3731 | D:4      | Reached XP level 6. HP: 33/46 MP: 6/6
  3851 | D:4      | You fall into a shaft and drop 1 floor!
  3851 | D:5      | Entered Level 5 of the Dungeon
  4875 | D:5      | Reached skill level 5 in Long Blades
  4971 | D:5      | Gained mutation: You are mostly covered in sharp spines.
                  | [demonic ancestry]
  4971 | D:5      | Reached XP level 7. HP: 52/52 MP: 7/7
  5065 | D:5      | Reached skill level 1 in Shields
  5422 | D:5      | Found a hide-covered altar of Uskayaw.
  5434 | D:5      | Became a worshipper of Uskayaw the Reveller
  5605 | D:5      | Reached * piety under Uskayaw
  5709 | D:6      | Reached ** piety under Uskayaw
  5737 | D:6      | Reached skill level 1 in Stealth
  5897 | D:6      | Reached skill level 6 in Long Blades
  5897 | D:6      | Gained mutation: You are mostly covered in iridescent
                  | scales. (AC +4) [demonic ancestry]
  5897 | D:6      | Reached XP level 8. HP: 42/60 MP: 8/8
  5904 | D:6      | Reached *** piety under Uskayaw
  5912 | D:6      | Found a staircase to the Ecumenical Temple.
  5967 | D:6      | Reached **** piety under Uskayaw
  6216 | D:6      | Reached ***** piety under Uskayaw
  6336 | D:6      | Found an iron altar of Okawaru.
  6403 | D:6      | Reached skill level 7 in Long Blades
  6613 | D:6      | Found Luivyt's Antique Weapon Emporium.
  6650 | D:6      | Reached XP level 9. HP: 45/67 MP: 2/9
  6767 | D:6      | Found Ges Xuob's Assorted Antiques.
  6800 | D:6      | Found a shimmering blue altar of Sif Muna.
  7173 | D:7      | Reached skill level 5 in Fighting
  7233 | D:7      | Identified the cursed +1 long sword of Bitumin {flame,
                  | Str+2}
  7247 | D:7      | Reached skill level 8 in Long Blades
  7741 | D:7      | Found a sparkling altar of Nemelex Xobeh.
  8543 | D:8      | Reached skill level 5 in Dodging
  8552 | D:8      | Reached skill level 5 in Armour
  8624 | D:8      | Noticed Maurice
  8640 | D:8      | Killed Maurice
  8641 | D:8      | Reached skill level 9 in Long Blades
  8696 | D:8      | Found Fuox Uqe's Jewellery Boutique.
  8907 | D:8      | Reached XP level 10. HP: 76/76 MP: 10/10
  9250 | D:9      | Noticed a two-headed ogre
  9257 | D:9      | Killed a two-headed ogre
  9376 | D:9      | Noticed a green ugly thing
  9388 | D:9      | Killed a green ugly thing
  9747 | D:9      | Noticed an unseen horror
  9760 | D:9      | Killed an unseen horror
  9761 | D:9      | Reached skill level 10 in Long Blades
  9770 | D:9      | Reached ****** piety under Uskayaw
 10155 | D:9      | Reached skill level 5 in Stealth
 10174 | D:9      | Found an opulent altar of Gozag.
 10174 | D:9      | Found a glowing silver altar of Zin.
 10174 | D:9      | Found an ancient bone altar of Kikubaaqudgha.
 10174 | D:9      | Found a broken altar of Ashenzari.
 10175 | D:9      | Noticed Joseph
 10188 | D:9      | Killed Joseph
 10495 | D:9      | Noticed Erica
 10507 | D:9      | Killed Erica
 10508 | D:9      | Gained mutation: You are immune to miasma. [demonic
                  | ancestry]
 10508 | D:9      | Reached XP level 11. HP: 76/83 MP: 11/11
 10780 | D:9      | Found a runed translucent gate.
 10780 | D:9      | Found a runed translucent gate.
 10780 | D:9      | Found a runed translucent gate.
 10786 | D:9      | Noticed Patoropollo's ghost (novice DgFi)
 11073 | D:10     | Entered Level 10 of the Dungeon
 11134 | D:10     | Found Moirphaol's Armour Emporium.
 11135 | D:10     | Found a staircase to the Orcish Mines.
 11135 | D:10     | Found Fefius's Weapon Emporium.
 11192 | D:10     | Bought the +3 chain mail of Valour {Str+4 Int-2 Dex+3} for
                  | 481 gold pieces
 11368 | D:10     | Noticed an unseen horror
 11385 | D:10     | Killed an unseen horror
 11399 | D:10     | Noticed a two-headed ogre
 11408 | D:10     | Killed a two-headed ogre
 11538 | D:10     | Reached skill level 11 in Long Blades
 12154 | D:10     | Noticed a two-headed ogre
 12162 | D:10     | Killed a two-headed ogre
 12422 | Orc:1    | Entered Level 1 of the Orcish Mines
 12529 | Orc:1    | Found Hozxuipn's Weapon Shop.
 12726 | Orc:2    | Entered Level 2 of the Orcish Mines
 12819 | Orc:2    | Noticed Erolcha
 12832 | Orc:2    | Killed Erolcha
 13191 | Orc:2    | HP: 4/86 [orc warrior/cursed -2 long sword (6)]
 13223 | Orc:2    | Noticed an orc knight
 13226 | Orc:2    | Shot with a bolt by an orc knight

Illustrated notes

Levels and vault maps discovered:
D:1:      shiori_arrival_elements, layout_rooms
D:2:      layout_loops_ring, general_overflow_altar, kennysheep_generic_room_12
D:3:      layout_loops_corners, uniq_jessica, uniq_crazy_yiuf_cottage
D:4:      layout_rooms, gammafunk_ghost_grave, hangedman_abyss_or_decor_stagger
D:5:      layout_loops_ring, lemuel_coloured_pillars_altar
D:6:      kennysheep_orc_sif_temple, layout_loops_cross,
          nicolae_overflow_hidden_temple, minmay_temple_entry_arrows,
          serial_shops, nicolae_shop_statue_plus, shop
D:7:      layout_rooms, nemelex_xobeh_ov_fountains_minmay, serial_rivers,
          chequers_serial_rivers_small_b, chequers_serial_rivers_micro_a,
          chequers_serial_rivers_room_a, chequers_serial_rivers_micro_e,
          chequers_serial_rivers_small_b
D:8:      layout_loops_cross, serial_shops, shop, uniq_maurice
D:9:      minmay_the_grid_square_5x5_4x4
          [minmay_the_grid_square_5x5_beaten_path,
          minmay_the_grid_square_5x5_inset, minmay_the_grid_square_5x5_meh,
          minmay_the_grid_square_5x5_one_wall,
          minmay_the_grid_square_5x5_trominoes,
          minmay_the_grid_square_5x5_prize_open,
          minmay_the_grid_square_5x5_prize_open,
          minmay_the_grid_square_5x5_almost_minimal,
          minmay_the_grid_square_5x5_n,
          minmay_the_grid_square_5x5_prize_rear_guard,
          minmay_the_grid_square_5x5_prize_waves,
          minmay_the_grid_square_5x5_detours,
          minmay_the_grid_square_5x5_gyroscope,
          minmay_the_grid_square_5x5_inner_z,
          minmay_the_grid_square_5x5_two_walls_b,
          minmay_the_grid_square_5x5_longway], layout_long_grid,
          grunt_temple_overflow_cloverleaf, gammafunk_ghost_spectres,
          uniq_joseph, uniq_erica
D:10:     layout_irregular_city, orc_david_3, onia_ninara_cookie
Orc:1:    layout_caves, serial_shops, shop, abandoned_shop
Orc:2:    st_orc_rangers, layout_diamond_mine, uniq_erolcha, uniq_urug

Skill      XL: |  1  2  3  4  5  6  7  8  9 10 11 |
---------------+----------------------------------+-----
Long Blades    | 3 4 5 6 7 9 10 11 | 11.4
Dodging        | 3 4 5 6 |  6.2
Armour         | 1 2 3 4 5 7 |  7.2
Fighting       | 3 4 5 6 7 |  7.9
Shields        | 1 2 3 4 |  4.8
Stealth        | 1 2 3 5 6 |  6.6
Throwing       | |  1.9

Action                   |  1- 3 |  4- 6 |  7- 9 | 10-12 || total
-------------------------+-------+-------+-------+-------++-------
Melee: Long sword        |   107 |    29 |   174 |   283 ||   593
       Scimitar          |       |    81 |    75 |       ||   156
       Falchion          |       |       |     3 |       ||     3
Invok: Line Pass         |       |       |     2 |     1 ||     3
       Stomp             |       |       |     1 |       ||     1
  Use: Scroll            |     3 |     7 |    13 |     5 ||    28
       Potion            |       |       |     1 |     2 ||     3
 Stab: Sleeping          |     1 |       |       |     1 ||     2
       Paralysed         |       |       |    10 |    18 ||    28
       Distracted        |       |       |     1 |     1 ||     2
Armor: Leather armour    |    40 |     1 |       |       ||    41
       Ring mail         |       |    38 |    91 |    21 ||   150
       Chain mail        |       |       |       |   104 ||   104
Dodge: Dodged            |   108 |    52 |   139 |   183 ||   482
Block: Other             |     2 |    28 |    68 |    74 ||   172
       Reflection        |       |     2 |       |     7 ||     9
       Rpst.: Long sword |    33 |     2 |    26 |    33 ||    94
       Scimitar          |       |     5 |     7 |       ||    12
